 Dungeon Crawl Stone Soup version 0.32-a0-841-g4648e6c457 (webtiles) character file.

Game seed: 3707230296327561883

430 ezpacito the Chopper (level 6, -2/48 HPs)
             Began as a Coglin Chaos Knight on Mar 26, 2024.
             Was a Plaything of Xom.
             Succumbed to a gnoll's poison
             ... on level 4 of the Dungeon.
             The game lasted 00:03:17 (2787 turns).

ezpacito the Chopper (Coglin Chaos Knight)          Turns: 2787, Time: 00:03:17

Health: -2/48      AC:  8    Str: 14    XL:     6   Next: 99%
Magic:  8/8        EV:  4    Int: 10    God:    Xom [...*..]
Gold:   238        SH:  0    Dex: 17    Spells: 0/7 levels left

rFire   . . .        a - +1 hand axe (chaos) {Koruri}
rCold   . . .        b - +3 flail {Doyun}
rNeg    . . .        w - +0 scale mail
rPois   .            (no helmet)
rElec   .            (no cloak)
rCorr   .            (no gloves)
SInv    .            (no boots)
Will    .....        (amulet unavailable) Stlth
                     (ring unavailable)
HPRegen 0.28/turn    (ring unavailable)
MPRegen 0.11/turn    (no gizmo)

%: no passive effects
@: confused, lethally poisoned (-2 -> -35), ambrosia-drunk, vertiginous, revved
A: off-hand wielding, slow wielding, warmup strikes, no jewellery, iridescent
scales 1, agile 1
a: Invent Gizmo, Renounce Religion


You were on level 4 of the Dungeon.
You worshipped Xom.
You were a favourite toy of Xom.
You visited 1 branch of the dungeon, and saw 4 of its levels.

You collected 238 gold pieces.

Inventory:

Hand Weapons
 a - a +1 hand axe of chaos (weapon) {Koruri}
 b - a +3 flail (offhand) {Doyun}
 d - the +5 sling of Impatience {elec, rElec rCorr SInv}
   (You found it on level 4 of the Dungeon)

   rElec:     It insulates you from electricity.
   SInv:      It lets you see invisible.
   rCorr:     It protects you from acid and corrosion.
 s - a +2 falchion of flaming
Missiles
 h - 6 poisoned darts (quivered)
Armour
 w - a +0 scale mail (worn)
Talismans
 r - a maw talisman
Scrolls
 c - a scroll of vulnerability {unknown}
 i - a scroll of blinking {unknown}
 m - 4 scrolls of enchant weapon
 n - a scroll of identify {unknown}
 o - a scroll of enchant armour {unknown}
 t - a scroll of teleportation
 u - a scroll of fear {unknown}
 v - a scroll of amnesia {unknown}
Potions
 e - a potion of lignification {unknown}
 f - 2 potions of haste {unknown}
 g - 2 potions of heal wounds {unknown}
 j - 2 potions of brilliance {unknown}
 l - a potion of attraction {unknown}
 p - a potion of berserk rage {unknown}


   Skills:
 * Level 4.1 Fighting
 * Level 4.2(4.3) Axes
 + Level 1.4(2.8) Polearms
 * Level 3.1 Armour
 * Level 2.8 Dodging
 + Level 1.3 Stealth
 + Level 1.3 Spellcasting
 + Level 0.0 Alchemy


You couldn't memorise any spells.
You knew the following spells:

 Your Spells              Type           Power      Damage    Failure   Level
a - Call Imp              Summ           0%         N/A       96%         2
b - Irradiate             Conj/Alch      0%         3d11      100%        5

Your spell library contained the following spells:

 Spells                   Type           Power      Damage    Failure   Level
 Magic Dart               Conj           0%         1d3       89%         1
 Blink                    Tloc           0%         N/A       96%         2
 Sublimation of Blood     Necr           0%         N/A       96%         2
 Petrify                  Alch/Erth      0%         N/A       100%        4


Dungeon Overview and Level Annotations

Branches:
Dungeon (4/15)
 Temple: D:4-7

Altars:
Qazlal
Xom

Shops:
D:3 [


Innate Abilities, Weirdness & Mutations

You can wield a second weapon in your off-hand.
It takes a long time for you to wield or remove held weapons.
Your first few attacks do less damage.
You cannot equip rings or amulets.
You are partially covered in iridescent scales. (AC +2)
You are agile. (Dex +4, Str/Int -1)


Message History

You are more poisoned.
The gnoll hits you from afar with a +0 spear.
The gnoll hits you from afar with a +0 spear of venom.
You are more poisoned.
The gnoll hits you but does no damage.
You take 10 damage, and have 29/48 hp.
MASSIVE DAMAGE!!
You are too injured to fight recklessly!
You are too injured to fight recklessly!
You are too injured to fight recklessly!
You are too injured to fight recklessly!
You are too injured to fight recklessly!
You are too injured to fight recklessly!
You are too injured to fight recklessly!
You are too injured to fight recklessly!
You are too injured to fight recklessly!
You are too injured to fight recklessly!
You are too injured to fight recklessly!
You are too injured to fight recklessly!
You are confused.
You feel invigorated.
You feel very sick.
The gnoll hits you from afar with a +0 spear of venom.
You are lethally poisoned!
The gnoll hits you from afar with a +0 spear.
You take 10 damage, and have 19/48 hp.
MASSIVE DAMAGE!!
You barely miss the gnoll with your +3 flail.
The gnoll is heavily wounded.
You slash the gnoll with your +1 hand axe of chaos!
The gnoll seems to grow stronger.
Xom thinks this is hilarious!
You feel extremely sick. The gnoll hits you but does no damage.
You are more poisoned.
The gnoll hits you with a +4 spear!
* * * LOW HITPOINT WARNING * * *
The gnoll hits you from afar with a +0 spear.
* * * LOW HITPOINT WARNING * * *
You take 18 damage, and have 1/48 hp.
MASSIVE DAMAGE!!
You die...
Xom titters!

#..###).#####
#..###(.##..####
#..†...<.#.....#
#†......)#.....#
#........'.....#
#........#.....#
#........#.....#
#..###..####†###
#..# #..# #g@#
#... ....
+.g.g...... ....
#...$......
###..
....##+###..
######


You could see 3 gnolls.

Vanquished Creatures
  A black bear (D:3)
  2 scorpions (D:4)
  A bombardier beetle (D:4)
  A hound (D:3)
  An orc wizard (D:3)
  A gnoll (D:4)
  3 adders
  2 ribbon worms (D:2)
  4 dart slugs
  4 orcs
  7 ball pythons
  4 endoplasms
  5 giant cockroaches
  6 goblins
  6 hobgoblins
  4 jackals (D:4)
  5 quokkas
  7 bats
  3 frilled lizards
  9 kobolds
  5 rats
81 creatures vanquished.

Notes
Turn   | Place    | Note
-------+----------+-------------------------------------------
     0 | D:1      | ezpacito the Coglin Chaos Knight began the quest for the
                  | Orb.
     0 | D:1      | Reached XP level 1. HP: 18/18 MP: 1/1
    48 | D:1      | XOM: silly message
   123 | D:1      | Reached skill level 1 in Dodging
   226 | D:1      | Reached XP level 2. HP: 24/24 MP: 2/2
   449 | D:1      | XOM: silly message
   476 | D:1      | Reached XP level 3. HP: 28/29 MP: 3/3
   583 | D:1      | XOM: cloud trail
   614 | D:1      | XOM: scenery: create altars
   963 | D:2      | Reached XP level 4. HP: 35/35 MP: 4/4
  1123 | D:2      | XOM: give mutations
  1123 | D:2      | Gained mutation: You are partially covered in iridescent
                  | scales. (AC +2) [Xom's grace]
  1123 | D:2      | Gained mutation: You are agile. (Dex +4, Str/Int -1) [Xom's
                  | grace]
  1189 | D:2      | Found a faded altar of an unknown god.
  1193 | D:2      | XOM: summons 3 hostile demons
  1194 | D:2      | Noticed a sun demon
  1240 | D:2      | XOM: god gift: 29 gold pieces
  1693 | D:3      | Found Yvueb's Antique Armour Boutique.
  1794 | D:3      | XOM: 4-stop teleportation journey
  1893 | D:3      | XOM: silly message
  1918 | D:3      | Reached XP level 5. HP: 41/41 MP: 6/6
  2140 | D:3      | Found a stormy altar of Qazlal.
  2310 | D:4      | Noticed a black bear
  2310 | D:4      | XOM: enchant monster (good)
  2363 | D:3      | XOM: smoke on damage
  2364 | D:3      | HP: 2/42 [black bear (5)]
  2366 | D:3      | Killed a black bear
  2367 | D:3      | Reached skill level 1 in Polearms
  2367 | D:3      | Reached skill level 1 in Stealth
  2367 | D:3      | Reached skill level 1 in Spellcasting
  2367 | D:3      | Reached XP level 6. HP: 13/48 MP: 7/7
  2547 | D:4      | Identified the +5 sling of Impatience {elec, rElec rCorr
                  | SInv}
  2615 | D:4      | XOM: god gift: 8 stones
  2669 | D:4      | XOM: scenery: 1 doors open
  2671 | D:4      | Learned a level 2 spell: Call Imp
  2677 | D:4      | Learned a level 5 spell: Irradiate
  2782 | D:4      | XOM: cast spell 'Alistair's Intoxication'
  2786 | D:4      | HP: 1/48 [gnoll/+0 spear (3)]
  2787 | D:4      | Succumbed to a gnoll's poison

Illustrated notes

Levels and vault maps discovered:
D:1:      psy_arrival_heroes, layout_rooms, serial_aquarium,
          aquarium_bridge_square [aquarium_subvault_wall,
          aquarium_subvault_window, aquarium_subvault_bridge,
          aquarium_subvault_window], aquarium_bridge_square
          [aquarium_subvault_bridge, aquarium_subvault_window,
          aquarium_subvault_window, aquarium_subvault_bridge],
          aquarium_window_fake, aquarium_window_corridor_3, aquarium_view_2b,
          aquarium_balcony_3b, minmay_pentomino_w4
D:2:      minmay_skewed_foursquare, layout_loops_ring,
          shapermc_ecumenical_altar_mp_ritualfount, wad_woods_river_04,
          grunt_ministairs_15, st_stairs_11, chequers_serial_rivers_micro_e
D:3:      layout_basic, grunt_qazlal_clouds, serial_shops,
          nicolae_shop_just_a_little_nook
D:4:      layout_gridville, fedhas_altar_4

Skill      XL: |  1  2  3  4  5  6 |
---------------+-------------------+-----
Dodging        | 1 2 |  2.8
Armour         | 2 3 |  3.1
Polearms       | 1 |  1.4
Stealth        | 1 |  1.3
Spellcasting   | 1 |  1.3
Fighting       | 4 |  4.1
Axes           | 4 |  4.2

Action                     |  1- 3 |  4- 6 || total
---------------------------+-------+-------++-------
  Melee: Hand axe          |    64 |    93 ||   157
         Dagger            |    55 |    75 ||   130
         Flail             |       |    15 ||    15
    Use: Potion            |     1 |     5 ||     6
         Scroll            |       |     3 ||     3
   Stab: Sleeping          |     1 |     4 ||     5
         Confused          |       |     2 ||     2
 Armour: Leather armour    |    70 |    40 ||   110
         Scale mail        |       |    78 ||    78
  Dodge: Dodged            |    55 |    77 ||   132

Table legend: (Time is in decaauts)
 A = Elapsed time spent in this place.
 B = Non-inter-level travel time spent in this place.
 C = Inter-level travel time spent in this place.
 D = Time resting spent in this place.
 E = Time spent auto-exploring this place.
 F = Levels seen in this place.
 G = Mean time per level.
                   A        B        C        D        E       F      G
               +--------+--------+--------+--------+--------+-----+--------+
         Total |   2811 |   2730 |     81 |    212 |   1966 |   4 |  702.8 |
       Dungeon |   2811 |   2730 |     81 |    212 |   1966 |   4 |  702.8 |
               +--------+--------+--------+--------+--------+-----+--------+

Top non-repeatable levels by time:
     D:2: 933 daAuts
     D:3: 790 daAuts
     D:1: 760 daAuts
     D:4: 327 daAuts
